 Dungeon Crawl Stone Soup version 0.22-a0-407-gb098539 (webtiles) character file.

872945 JeffiDaFish the Petrodigitator (level 27, -12/161 HPs)
             Began as a Gargoyle Earth Elementalist on May 4, 2018.
             Was a High Priest of Sif Muna.
             Mangled by Antaeus (28 damage)
             ... on level 7 of Cocytus on May 10, 2018.
             The game lasted 08:27:36 (107766 turns).

JeffiDaFish the Petrodigitator (GrEE)             Turns: 107766, Time: 08:27:37

Health: -12/161    AC: 44    Str: 12    XL:     27
Magic:  1/69       EV: 24    Int: 35    God:    Sif Muna [*****.]
Gold:   5630       SH:  9    Dex: 10    Spells: 6/80 levels left

rFire    + + +     SeeInvis .   G - staff of power
rCold    + + .     Gourm    .   V - +3 warlock's mirror {reflect}
rNeg     + . .     Faith    .   f - +2 robe {rC+ rF+}
rPois    ∞         Spirit   .   m - +2 hat
rElec    +         Reflect  +   p - +4 dragonskin cloak
rCorr    .         Harm     .   X - +2 pair of gloves of the Vestibule of Hell {rF+ Int+6}
MR       ++...     Rnd*Rage +   P - +2 pair of boots
Stlth    +++.......             E - amulet of magic regeneration
HPRegen  0.36/turn              q - ring of Phasing {EV+8}
MPRegen  0.66/turn              U - ring "Emmymo" {Wiz rF+ Stlth+}

@: frozen, flying, studying Air Magic, drained, no casting, very slow
A: big wings, icy blue scales 2, thin metallic scales 1, berserk 1, blurry
vision 1, frail 1, negative energy resistance 1, screaming 1, electricity
resistance, unbreathing, petrification resistance, no potion heal 1, rot
immunity, AC +20
}: 4/15 runes: barnacled, slimy, silver, gossamer
a: Stop Flying, Stop Divine Energy, Channel Magic, Forget Spell, Renounce
Religion


You were on level 7 of Cocytus.
You worshipped Sif Muna.
Sif Muna was extremely pleased with you.
You were not hungry.

You visited 16 branches of the dungeon, and saw 66 of its levels.
You visited the Abyss 2 times.
You also visited: Bailey.

You collected 9829 gold pieces.
You spent 4199 gold pieces at shops.

Inventory:

Missiles
 b - 1638 stones (quivered)
Armour
 c - the +2 robe of the Original Sin {Regen+ Int+3 Slay+3}
   (You found it on level 3 of the Spider Nest)

   It affects your intelligence (+3).
   It affects your accuracy and damage with ranged weapons and melee attacks
   (+3).
   It increases your rate of regeneration.
 e - a +2 cloak of magic resistance
 f - a +2 robe of resistance (worn)
 m - a +2 hat (worn)
 p - the +4 dragonskin cloak (worn)
   (You took it off Tiamat on level 2 of the Realm of Zot)
 P - a +2 pair of boots (worn)
 V - the +3 warlock's mirror (worn) {reflect}
   (You bought it in a shop on level 1 of the Depths)
 X - the +2 pair of gloves of the Vestibule of Hell (worn) {rF+ Int+6}
   (You found it on level 3 of the Elven Halls)

   It affects your intelligence (+6).
   It protects you from fire.
Magical Staves
 u - an uncursed staff of conjuration
 G - an uncursed staff of power (weapon)
Jewellery
 q - the ring of Phasing (left hand) {EV+8}
   (You found it on level 3 of the Lair of Beasts)

   [ring of evasion]

   It affects your evasion (+8).
 B - a +3 ring of strength
 E - an amulet of magic regeneration (around neck)
 Q - the ring "Lyblienu" {Fire MR+ Int+3 Dex+2}
   (You took it off a deep elf blademaster on level 3 of the Elven Halls)

   [ring of fire]

   It enhances your fire magic.
   It affects your intelligence (+3).
   It affects your dexterity (+2).
   It protects you from fire.
   It makes you vulnerable to cold.
   It affects your resistance to hostile enchantments.
 S - an uncursed ring of see invisible
 U - the ring "Emmymo" (right hand) {Wiz rF+ Stlth+}
   (You took it off a deep elf knight on level 3 of the Elven Halls)

   [ring of wizardry]

   It improves your spell success rate.
   It protects you from fire.
   It makes you more stealthy.
 W - the ring "Lugupp" {rN+ Int+5 Dex-3 SInv}
   (You took it off a hell knight on level 3 of the Crypt)

   [ring of positive energy]

   It affects your intelligence (+5).
   It affects your dexterity (-3).
   It protects you from negative energy.
   It lets you see invisible.
Wands
 x - a wand of digging (37)
 K - a wand of iceblast (18)
 N - a wand of scattershot (3)
Scrolls
 h - 22 scrolls of teleportation
 i - 3 scrolls of identify
 j - 2 scrolls of holy word
 k - a scroll of acquirement
 l - 28 scrolls of remove curse
 s - 11 scrolls of magic mapping
 t - 2 scrolls of silence
 v - 7 scrolls of amnesia
 w - 4 scrolls of fear
 y - 5 scrolls of enchant armour
 A - 7 scrolls of blinking
 I - 10 scrolls of enchant weapon
 O - 7 scrolls of fog
Potions
 a - 3 potions of invisibility
 g - 16 potions of curing
 o - 3 potions of resistance
 r - 6 potions of agility
 C - 10 potions of might
 F - 9 potions of heal wounds
 H - 5 potions of cancellation
 J - a potion of mutation
 L - 6 potions of haste
 M - 2 potions of magic
 T - 3 potions of brilliance
Books
 D - a manual of Air Magic
Miscellaneous
 R - the horn of Geryon
Comestibles
 d - 54 rations


   Skills:
 - Level 20.0(19.5) Fighting
 - Level 11.0(10.6) Staves
 - Level 8.0(7.6) Armour
 - Level 10.0(9.6) Dodging
 - Level 2.1(1.9) Stealth
 - Level 10.0(9.6) Shields
 O Level 27(26.4) Spellcasting
 O Level 27(26.4) Conjurations
 * Level 6.3(6.0) Summonings
   Level 0.7(0.4) Transmutations
 - Level 22.1(21.7) Fire Magic
 + Level 5.3(5.0) Air Magic
 O Level 27(26.4) Earth Magic
 - Level 10.1(9.7) Invocations


You had 6 spell levels left.
You knew the following spells:

 Your Spells              Type           Power        Failure   Level  Hunger
a - Sandblast             Erth           ######       0%          1    None
b - Stone Arrow           Conj/Erth      ######       0%          3    None
c - Lee's Rapid Deconstr  Erth           ########..   0%          5    None
d - Bolt of Magma         Conj/Fire/Erth ########..   0%          5    None
e - Iron Shot             Conj/Erth      ########..   0%          6    None
f - Shatter               Erth           ########..   1%          9    ###....
g - Blink                 Tloc           N/A          1%          2    None
h - Borgnjor's Vile Clut  Necr/Erth      #######...   1%          5    None
i - Lehudib's Crystal Sp  Conj/Erth      ########..   1%          8    None
j - Bolt of Fire          Conj/Fire      ########..   0%          6    None
k - Ignition              Fire           ########..   1%          8    None
l - Fire Storm            Conj/Fire      ########..   1%          9    ###....
m - Spellforged Servitor  Conj/Summ      ########..   1%          7    None


Dungeon Overview and Level Annotations

Branches:
Dungeon (15/15)            Temple (1/1) D:4            Lair (6/6) D:10
 Shoals (4/4) Lair:2       Spider (4/4) Lair:2        Slime (5/5) Lair:5
    Orc (2/2) D:9             Elf (3/3) Orc:2        Vaults (5/5) D:13
  Crypt (3/3) Vaults:3       Tomb (1/3) Crypt:3      Depths (5/5) D:15
   Hell (1/1)                 Dis (1/7) Hell            Geh (0/7) Hell
    Coc (7/7) Hell            Tar (0/7) Hell            Zot (3/5) Depths:5

Altars:
Ashenzari
Cheibriados
Dithmenos
Elyvilon
Fedhas
Gozag
Hepliaklqana
Kikubaaqudgha
Makhleb
Nemelex Xobeh
Okawaru
Qazlal
Sif Muna
Trog
Uskayaw
Vehumet
Wu Jian
Xom
Yredelemnul
Zin
The Shining One
Beogh
Jiyva

Shops:
Orc:2 (*}[   Elf:1 [   Elf:3 ::**:   Vaults:3 *   Vaults:4 !**%(
Vaults:5 *}}!   Depths:1 [   Depths:4 }=   Depths:5 [?*

Portals:
Hell: Depths:1 Depths:2 Depths:3 Depths:4 Depths:5
Abyss: Depths:2 Depths:4
Pandemonium: Depths:3
Ziggurat: Depths:4

Annotations:
Depths:2 1 runed door
Coc:7 Antaeus


Innate Abilities, Weirdness & Mutations

You are resistant to torment.
Your stone body is resilient. (AC +20)
You are immune to poison.
Your large and strong wings let you fly indefinitely.
You resist negative energy. (rN+)
You are resistant to electric shocks. (rElec)
You can survive without breathing.
You are immune to petrification.
You are immune to rotting.
You are mostly covered in icy blue scales. (AC +3)
You are partially covered in thin metallic scales. (AC +2)
You tend to lose your temper in combat.
Scrolls take you a little longer to read.
You are frail. (-10% HP)
You occasionally shout uncontrollably at your foes.
Potions are less effective at restoring your health.


Message History

Confirm with . or Enter, or press ? or * to list all spells.
Aiming: Fire Storm (safe; 1% risk of failure)
Press: ? - help, Dir - move target cursor, p - fire vortex That beam is likely to hit you.
Continue anyway?
A raging storm of fire appears!
The great blast of fire engulfs Antaeus.
Antaeus is burned terribly!
Antaeus is almost dead.
Sif Muna grants you divine energy.
You briefly lose access to your magic!
The ice encasing you melts away. Antaeus gestures at you.
The flash freeze hits you! You partially resist.
* * * LOW HITPOINT WARNING * * *
You are encased in ice.
Your system partially rejects the healing.
You feel much better. Antaeus hits you!!
* * * LOW HITPOINT WARNING * * *
Antaeus freezes you!! You resist.
You die...

≈≈≈≈§≈≈≈≈≈≈≈#
≈.≈≈≈≈≈≈≈≈≈≈#
...≈≈≈≈≈≈≈≈≈#
....§§§v§§≈≈#
....§§§v§v≈≈#
....v§vv...≈#
....§§§v§§§≈#
≈...§§vC§≈≈≈#
..1..v.@.§§≈#
.##'##.§...≈#
#.. #.....≈#
# ##...≈≈#
##..≈≈#
#..≈≈# .≈≈≈#
≈≈≈≈#


You could see Antaeus, an Ice Fiend and 9 friendly fire vortices.

Vanquished Creatures
  the Royal Jelly (Slime:5)
  Dissolution (Slime:5)
  An orb of fire (Zot:1)
  Tiamat (Zot:2)
  The ghost of nebgrebaes the Slayer, a legendary MiFi of Okawaru (Tomb:1)
  Mara (Crypt:2)
  5 ancient liches
  A juggernaut (Depths:4)
  5 greater mummies (Tomb:1)
  Sojobo (Crypt:2)
  Boris (Crypt:2)
  Bai Suzhen (Crypt:1)
  25 shard shrikes
  A curse toe (Zot:3)
  Saint Roka (Depths:4)
  Xtahua (Vaults:4)
  Nikola (Spider:1)
  Geryon (Hell)
  A caustic shrike (Depths:2)
  Jory (Crypt:2)
  7 golden dragons
  A profane servitor (Abyss:5)
  15 bone dragons
  4 hellephants
  15 tentacled monstrosities
  13 liches
  27 Ice Fiends
  3 titans
  8 quicksilver dragons
  3 deep elf blademasters
  2 deep elf master archers (Elf:3)
  20 acid blobs
  4 death cobs (Zot:3)
  2 Executioners (Abyss:3)
  4 eldritch tentacles
  A kraken (Shoals:1)
  Polyphemus (Shoals:4)
  2 sphinxes
  11 storm dragons
  8 tengu reavers
  Kirke (D:15)
  13 tentacled starspawn
  11 shadow dragons
  Ilsuiw (Shoals:4)
  2 daevas (Depths:4)
  Roxanne (D:15)
  A revenant (Crypt:2)
  7 draconian monks
  Donald (Vaults:1)
  The ghost of Anno the Imperceptible, an adept FeEn of Ashenzari (Depths:2)
  15 azure jellies
  12 fire giants
  9 deep elf sorcerers
  A draconian knight (Zot:3)
  6 frost giants
  Louise (Elf:1)
  A cacodemon (Abyss:3)
  5 iron dragons
  7 draconian scorchers
  3 curse skulls
  14 vault wardens
  6 ghost moths
  10 draconian shifters
  5 emperor scorpions
  4 draconian stormcallers
  2 ghouls
  3 spriggan defenders
  10 deep elf elementalists
  7 elemental wellsprings
  4 war gargoyles
  7 draconian annihilators
  20 stone giants
  15 ironheart preservers
  44 very ugly things
  28 reapers
  An ophan (Abyss:3)
  9 vampire knights
  4 lorocyprocas
  9 deep elf demonologists
  Nessos (Lair:5)
  3 red draconians (Zot:3)
  10 green draconians
  11 yellow draconians
  8 black draconians
  Azrael (D:15)
  9 purple draconians
  9 deep elf annihilators
  7 white draconians
  19 ettins
  7 spark wasps
  2 merfolk javelineers (Shoals:4)
  21 blizzard demons
  10 death oozes (Slime:5)
  13 deep elf death magi
  8 eidola
  2 green deaths (Abyss:3)
  4 merfolk impalers
  Josephine (Orc:1)
  20 yaktaur captains
  3 quicksilver dragon zombies
  7 deep elf high priests
  14 jiangshi
  Harold (Lair:3)
  42 vault guards
  12 great orbs of eyes
  13 fire dragons
  A naga warrior (Abyss:3)
  10 hydras
  3 quicksilver dragon skeletons
  2 kraken zombies
  34 ice dragons
  10 spriggan air magi
  16 centaur warriors
  11 rakshasas
  8 merfolk aquamancers
  An alligator snapping turtle (shapeshifter) (Vaults:5)
  2 catoblepae
  7 merfolk avatars
  8 death knights
  9 deep troll shamans
  6 tengu warriors
  An anaconda (Lair:1)
  12 hell hogs
  3 alligator snapping turtles
  49 two-headed ogres
  13 ogre magi
  13 vampire magi
  3 orc high priests
  6 death yaks
  17 thrashing horrors
  22 dancing weapons
  10 deep troll earth magi
  7 titan zombies
  2 storm dragon zombies
  11 spriggan berserkers
  6 spriggans
  3 titan skeletons
  22 deep elf knights
  31 hell knights
  6 soul eaters
  9 wretched stars
  Sonja (Lair:2)
  Nergalle (D:11)
  A fire crab (Lair:6)
  4 sun demons
  5 shadow wraiths
  A fire crab (shapeshifter) (D:11)
  9 golden dragon zombies
  4 sixfirhies
  An unseen horror (shapeshifter) (Vaults:2)
  4 storm dragon skeletons
  6 spatial maelstroms
  3 iron trolls
  103 skeletal warriors
  The ghost of rogsnak the Thaumaturge, a novice GnWz of Okawaru (D:7)
  21 anaconda zombies
  24 deep trolls
  13 sea snakes
  A spark wasp zombie (Depths:1)
  3 unseen horrors
  3 death drakes
  3 ghost moth zombies
  A gelid demonspawn (Depths:3)
  An orange crystal statue (Depths:4)
  7 shadow dragon zombies
  81 starcursed masses
  6 glowing orange brains
  A sphinx zombie (Vaults:1)
  13 flayed ghosts
  12 deep elf archers
  5 wizards
  A swamp dragon (shapeshifter) (Depths:2)
  A tengu zombie (Depths:2)
  25 phantasmal warriors
  10 ironbrand convokers
  2 wolf spider zombies
  14 harpies
  11 orc knights
  15 orb spiders
  34 wolf spiders
  An orb spider (shapeshifter) (D:12)
  15 necromancers
  11 orc sorcerers
  5 shining eyes
  78 ugly things
  9 anaconda skeletons
  57 deep elf magi
  9 stone giant zombies
  A cyclops (shapeshifter) (Depths:5)
  7 fire giant zombies
  The ghost of necromuncher the Conjurer, a novice DrFE of Vehumet (D:6)
  10 manticores
  A manticore (shapeshifter) (Depths:1)
  11 worldbinders
  A faun (Shoals:2)
  2 tengu skeletons
  5 oklob plants
  A shadow dragon skeleton (Coc:6)
  6 cyclopes
  14 frost giant zombies
  2 iron dragon zombies
  A moth of wrath (shapeshifter) (Depths:2)
  12 moths of wrath
  4 centaur zombies
  4 fire giant skeletons
  7 iron dragon skeletons
  A naga mage (Vaults:1)
  8 stone giant skeletons
  9 water nymphs
  Psyche (D:11)
  11 rust devils
  7 dire elephant zombies
  2 torpor snails
  9 black mambas
  17 elephants
  A guardian serpent (Abyss:3)
  A torpor snail (shapeshifter) (Depths:1)
  A shock serpent zombie (Crypt:2)
  A guardian serpent (shapeshifter) (Depths:2)
  2 apocalypse crabs
  3 molten gargoyles (Lair:6)
  11 merfolk sirens
  6 gargoyles
  4 eyes of devastation
  20 vault sentinels
  8 frost giant skeletons
  13 spiny frogs
  2 titan simulacra
  A catoblepas zombie (Crypt:2)
  2 kobold demonologists (D:15)
  8 smoke demons
  6 hellions
  12 orange demons
  A purple draconian zombie (Crypt:1)
  5 rime drakes
  A storm dragon simulacrum (Abyss:4)
  22 tormentors
  2 dire elephant skeletons
  43 yaktaurs
  A yaktaur (shapeshifter) (Elf:2)
  60 freezing wraiths
  A yaktaur skeleton (Vaults:1)
  10 demonic crawlers
  A redback zombie (Crypt:2)
  2 efreet
  A komodo dragon (shapeshifter) (Vaults:1)
  14 komodo dragons
  17 ancient zymes
  A hellwing (Depths:3)
  3 tengu conjurers (Depths:3)
  7 trolls
  3 red devils
  30 hydra zombies
  47 jumping spiders
  2 guardian mummies (Tomb:1)
  18 merfolk
  3 harpy zombies
  3 harpy skeletons
  36 ice devils
  A yellow draconian skeleton (Crypt:2)
  2 polar bears
  A troll (shapeshifter) (Elf:3)
  11 tyrant leeches (Spider:3)
  A slime creature (shapeshifter) (Vaults:5)
  32 raiju
  A shadow dragon simulacrum (Coc:2)
  6 wind drakes
  14 alligator zombies
  10 hydra skeletons
  15 hippogriffs
  17 hornets
  10 blink frogs
  6 fire giant simulacra
  8 ettin zombies
  115 slime creatures
  A blink frog (shapeshifter) (Abyss:4)
  7 fire dragon zombies
  4 ice dragon zombies
  5 stone giant simulacra
  2 alligator skeletons
  8 snapping turtles
  A black mamba zombie (Coc:1)
  2 fire dragon skeletons
  18 shadows
  A tarantella (shapeshifter) (D:11)
  Sigmund (D:6)
  53 flying skulls
  3 ice dragon skeletons
  5 vampires
  21 tarantellas
  58 redbacks
  A redback (shapeshifter) (Vaults:3)
  6 ettin skeletons
  40 yaks
  An air elemental (Elf:3)
  A hog (shapeshifter) (Depths:3)
  A yak (shapeshifter) (Vaults:2)
  31 water elementals
  25 wraiths
  A black mamba skeleton (Coc:2)
  2 elf zombies
  12 ynoxinuls
  5 basilisks
  7 neqoxecs (Abyss:3)
  4 wyverns
  7 hogs (D:15)
  7 hungry ghosts
  11 fire elementals
  13 chaos spawn
  A steam dragon (D:11)
  39 small abominations
  4 fire bats (Abyss:3)
  An emperor scorpion simulacrum (Coc:4)
  5 golden eyes
  6 swamp worms (Spider:3)
  42 large abominations
  3 merfolk zombies
  3 vampire mosquitoes (D:12)
  2 nagas (Abyss:3)
  A warg (Vaults:5)
  10 insubstantial wisps
  2 nagas (shapeshifter)
  A wind drake skeleton (Crypt:2)
  4 deep troll zombies
  4 spatial vortices
  An acid dragon (Zot:2)
  21 hell hounds
  2 water moccasins (shapeshifter)
  2 soldier ants (shapeshifter)
  20 water moccasins
  17 spiny frog zombies
  Duvessa (D:7)
  10 porcupines
  6 hydra simulacra
  A merfolk skeleton (Coc:4)
  2 floating eyes
  An ogre skeleton (Vaults:1)
  A swamp dragon zombie (Coc:3)
  3 manticore zombies
  50 orc warriors
  3 spiny frog skeletons
  20 ice beasts
  5 phantoms
  2 sky beasts
  A black bear (shapeshifter) (Depths:3)
  7 snapping turtle zombies
  A human zombie (Vaults:1)
  37 ogres
  4 necrophages
  An alligator simulacrum (Coc:3)
  2 fire dragon simulacra
  20 wolves
  10 boggarts
  3 eyes of draining
  A black bear (Lair:3)
  2 ettin simulacra
  2 swamp dragon skeletons
  2 snapping turtle skeletons
  25 centaurs
  A wolf (shapeshifter) (Depths:3)
  3 manticore skeletons
  12 crocodiles
  5 big kobolds
  26 bullfrogs
  3 yaktaur zombies
  A spiny frog simulacrum (Coc:1)
  Dowan (D:7)
  2 earth elementals (Abyss:3)
  7 scorpions
  A scorpion (shapeshifter) (Depths:3)
  14 killer bees
  A spectral wolf (Crypt:2)
  44 wights
  14 electric eels
  6 howler monkeys
  A wolf zombie (Crypt:1)
  A troll skeleton (Coc:5)
  4 bullfrog zombies
  11 crimson imps
  5 lava snakes (Lair:6)
  A human simulacrum (Vaults:2)
  4 quasits
  2 yaktaur simulacra
  4 hounds
  9 jellies
  Crazy Yiuf (D:4)
  9 centaur skeletons
  A gnoll shaman (D:10)
  18 orc priests
  41 orc wizards
  8 iron imps
  An iguana (shapeshifter) (Abyss:3)
  A basilisk skeleton (Crypt:2)
  3 iguanas
  9 worker ants
  6 hell rats (Hell)
  A killer bee zombie (D:9)
  A naga skeleton (Crypt:1)
  2 hound skeletons
  4 mummies
  A howler monkey zombie (D:10)
  5 gnolls
  A howler monkey skeleton (D:11)
  19 adders
  A shadow imp (D:7)
  33 white imps
  3 ufetubi (Abyss:3)
  10 oozes
  2 adder zombies
  An adder skeleton (D:7)
  4 worms
  3 leopard geckos
  124 orcs
  7 giant cockroaches
  3 hobgoblins
  16 jackals
  5 quokkas
  A ball python (D:5)
  6 bats
  3 frilled lizards
  A giant cockroach zombie (Crypt:1)
  7 goblins
  18 kobolds
  2 leopard gecko skeletons (D:6)
  An orc zombie (Coc:2)
  A quokka zombie (D:6)
  13 rats
  2 bushes (Abyss:3)
  A butterfly (Lair:4)
  4 crawling corpses
  3 demonic plants (Abyss:3)
  18 fire vortices
  3 fungi
  2 lurking horrors (Abyss:4)
  18 plants
  8 starspawn tentacles
  6 tentacles
4038 creatures vanquished.

Vanquished Creatures (collateral kills)
  An acid blob (Slime:5)
  A wight (Coc:7)
2 creatures vanquished.

Vanquished Creatures (others)
  A golden dragon (Zot:3)
  An eldritch tentacle (Coc:2)
  Agnes (D:15)
  A fire giant (Depths:2)
  2 draconian knights
  A cacodemon (Abyss:3)
  An elemental wellspring (Coc:5)
  A reaper (Coc:2)
  A yaktaur captain (Vaults:5)
  2 thrashing horrors (Abyss:3)
  A deep elf knight (Elf:2)
  A wretched star (Abyss:3)
  An unseen horror (shapeshifter) (Depths:3)
  A necromancer (Hell)
  A wolf spider (Vaults:5)
  An apocalypse crab (Abyss:3)
  A shadow (Abyss:3)
  A fire bat (Abyss:3)
  2 large abominations (Abyss:3)
  3 small abominations (Abyss:3)
  An ice dragon simulacrum (Hell)
  A starcursed mass (Abyss:4)
  A centaur (Depths:1)
  A quasit (Abyss:3)
  2 orc wizards (Orc:2)
  A white imp (Abyss:3)
  A spectral bat (Abyss:3)
  2 bat simulacra (Abyss:3)
  3 bushes (Abyss:3)
  3 demonic plants (Abyss:3)
  28 fire vortices
  29 fungi
  A lurking horror (Abyss:4)
  38 plants
  18 starspawn tentacles
  33 tentacles
  10 toadstools (D:6)
  40 withered plants (Crypt:3)
238 creatures vanquished.

Grand Total: 4278 creatures vanquished

Notes
Turn   | Place    | Note
-------+----------+-------------------------------------------
     0 | D:1      | JeffiDaFish the Gargoyle Earth Elementalist began the quest for the Orb.
     0 | D:1      | Reached XP level 1. HP: 10/10 MP: 3/3
    25 | D:1      | Upgraded the game from 0.22-a0-396-g3f858e3 to 0.22-a0-402-ga933591
    25 | D:1      | Upgraded the game from 0.22-a0-402-ga933591 to 0.22-a0-406-g9ff8d77
   347 | D:1      | Reached XP level 2. HP: 15/15 MP: 3/5
   537 | D:1      | Reached XP level 3. HP: 19/19 MP: 0/6
   694 | D:1      | Learned a level 3 spell: Stone Arrow
  1135 | D:2      | Gained mutation: You occasionally shout uncontrollably at your foes. [potion of mutation]
  1135 | D:2      | Gained mutation: You are partially covered in icy blue scales. (AC +2) [potion of mutation]
  1135 | D:2      | Gained mutation: You have large cloven feet. [potion of mutation]
  1135 | D:2      | Gained mutation: You possess an exceptional clarity of mind. [potion of mutation]
  1646 | D:2      | Reached XP level 4. HP: 24/24 MP: 0/8
  2364 | D:3      | Reached skill level 1 in Conjurations
  2425 | D:3      | HP: 1/24 [orc/war axe (8)]
  2754 | D:3      | Found an iron altar of Okawaru.
  2923 | D:3      | Noticed a moth of wrath
  2926 | D:3      | Found a bloodstained altar of Trog.
  2976 | D:3      | Reached XP level 5. HP: 28/28 MP: 5/9
  3226 | D:3      | Learned a level 5 spell: Lee's Rapid Deconstruction
  3533 | D:4      | Reached skill level 5 in Earth Magic
  3861 | D:4      | Found a runed door.
  3865 | D:4      | Noticed Crazy Yiuf
  3868 | D:4      | Killed Crazy Yiuf
  4138 | D:4      | Reached XP level 6. HP: 32/32 MP: 11/11
  4211 | D:4      | Found a staircase to the Ecumenical Temple.
  4218 | Temple   | Entered the Ecumenical Temple
  4371 | Temple   | Became a worshipper of Sif Muna the Loreminder
  4413 | D:5      | Entered Level 5 of the Dungeon
  4860 | D:5      | Reached XP level 7. HP: 30/36 MP: 1/13
  5498 | D:6      | Noticed necromuncher's ghost (novice DrFE)
  5667 | D:6      | Reached * piety under Sif Muna
  5699 | D:5      | Reached skill level 5 in Spellcasting
  5727 | D:6      | Killed necromuncher's ghost
  5727 | D:6      | Reached XP level 8. HP: 29/41 MP: 2/16
  5838 | D:6      | Reached ** piety under Sif Muna
  5984 | D:6      | Noticed Sigmund
  5988 | D:6      | Killed Sigmund
  6280 | D:6      | Reached XP level 9. HP: 45/45 MP: 15/18
  6293 | D:6      | Reached skill level 5 in Conjurations
  6362 | D:6      | Reached *** piety under Sif Muna
  6632 | D:7      | Reached skill level 10 in Earth Magic
  6850 | D:7      | Found a shadowy altar of Dithmenos.
  6959 | D:7      | Noticed rogsnak's ghost (novice GnWz)
  6972 | D:7      | Killed rogsnak's ghost
  6972 | D:7      | Reached **** piety under Sif Muna
  6972 | D:7      | Reached XP level 10. HP: 43/50 MP: 11/22
  7154 | D:7      | Noticed Duvessa
  7154 | D:7      | Noticed Dowan
  7157 | D:7      | Killed Duvessa
  7157 | D:7      | Killed Dowan
  7513 | D:8      | Found a stormy altar of Qazlal.
  8315 | D:8      | Reached ***** piety under Sif Muna
  8609 | D:9      | Found a burning altar of Makhleb.
  8665 | D:9      | Identified Luofoj's Reference Book on Gliding Calling (Sif Muna gifted it to you on level 9 of the Dungeon)
  8665 | D:9      | Received a gift from Sif Muna
  9129 | D:9      | Noticed a two-headed ogre
  9131 | D:9      | Killed a two-headed ogre
  9131 | D:9      | Reached XP level 11. HP: 54/54 MP: 5/24
  9466 | D:9      | Reached skill level 10 in Spellcasting
  9729 | D:9      | Found a staircase to the Orcish Mines.
  9829 | D:10     | Entered Level 10 of the Dungeon
  9902 | D:10     | Paralysed by fainting for 9 turns
 10440 | D:10     | Identified Ahaag's Incunabulum of the Entrancing Voyage (Sif Muna gifted it to you on level 10 of the Dungeon)
 10440 | D:10     | Received a gift from Sif Muna
 10544 | D:10     | Found a staircase to the Lair.
 10834 | Lair:1   | Entered Level 1 of the Lair of Beasts
 10892 | Lair:1   | Noticed an anaconda
 10892 | Lair:1   | a hippogriff changed into an anaconda
 10902 | Lair:1   | Killed an anaconda
 11991 | Lair:2   | Noticed Sonja
 12003 | Lair:2   | Killed Sonja
 12003 | Lair:2   | Reached XP level 12. HP: 59/59 MP: 21/27
 12241 | Lair:2   | Found a hole to the Spider Nest.
 12281 | Lair:2   | Found a staircase to the Shoals.
 12301 | Lair:2   | Noticed an eight-headed hydra
 12313 | Lair:2   | Killed an eight-headed hydra
 12457 | Lair:2   | Received a gift from Sif Muna
 12554 | Lair:1   | Learned a level 5 spell: Bolt of Magma
 12561 | Lair:1   | Learned a level 6 spell: Iron Shot
 12571 | Lair:1   | Learned a level 9 spell: Shatter
 12792 | Lair:2   | Reached skill level 15 in Earth Magic
 12960 | Lair:2   | Reached skill level 10 in Conjurations
 13011 | Lair:2   | Learned a level 2 spell: Blink
 13524 | Lair:2   | Reached skill level 1 in Fighting
 13663 | Lair:3   | Found the ring of Phasing {EV+8}
 13734 | Lair:3   | Reached XP level 13. HP: 65/67 MP: 0/29
 14040 | Lair:3   | Identified Tuzunin's Disquisition on the Mountains and Battle Magic (Sif Muna gifted it to you on level 3 of the Lair of Beasts)
 14040 | Lair:3   | Received a gift from Sif Muna
 14212 | Lair:3   | Identified a scroll of acquirement
 14213 | Lair:3   | Got a dazzling buckler
 14270 | Lair:3   | Reached skill level 1 in Shields
 14489 | Lair:3   | Noticed Harold
 14492 | Lair:3   | Killed Harold
 14513 | Lair:3   | Learned a level 5 spell: Borgnjor's Vile Clutch
 16997 | Lair:5   | Noticed Nessos
 17003 | Lair:5   | Killed Nessos
 17349 | Lair:5   | Gained mutation: Your large and strong wings let you fly indefinitely. [Gargoyle growth]
 17349 | Lair:5   | Reached XP level 14. HP: 62/75 MP: 13/31
 17412 | Lair:5   | Identified the +0 buckler of Urchuky {rF+} (You acquired it on level 3 of the Lair of Beasts)
 17428 | Lair:5   | Found a runed door.
 17428 | Lair:5   | Found a viscous altar of Jiyva.
 17431 | Lair:5   | Found a staircase to the Slime Pits.
 17481 | Lair:5   | Received a gift from Sif Muna
 18031 | Lair:6   | Entered Level 6 of the Lair of Beasts
 18961 | Lair:6   | Reached skill level 5 in Fighting
 19832 | Lair:6   | Identified Sif Muna's Guide on Ashen Combat Magic (Sif Muna gifted it to you on level 6 of the Lair of Beasts)
 19832 | Lair:6   | Received a gift from Sif Muna
 20392 | Lair:6   | Found a large runed door.
 20392 | Lair:6   | Found a large runed door.
 21532 | Orc:1    | Entered Level 1 of the Orcish Mines
 21534 | Orc:1    | Found a flagged portal.
 21635 | Bailey   | Entered a bailey
 22132 | Orc:1    | Found a roughly hewn altar of Beogh.
 22253 | Orc:1    | Noticed Josephine
 22267 | Orc:1    | Killed Josephine
 22267 | Orc:1    | Reached XP level 15. HP: 72/84 MP: 16/33
 22485 | Orc:2    | Entered Level 2 of the Orcish Mines
 23445 | Orc:2    | Found Plog's Assorted Antiques.
 23446 | Orc:2    | Found Moxigh's Antique Armour Boutique.
 23462 | Orc:2    | Identified Laehott's Disquisition on Battle Magic (Sif Muna gifted it to you on level 2 of the Orcish Mines)
 23462 | Orc:2    | Received a gift from Sif Muna
 23474 | Orc:2    | Found Bitij's Gadget Boutique.
 23477 | Orc:2    | Found Qinla's Antique Weapon Shop.
 23587 | Orc:2    | Found a staircase to the Elven Halls.
 23608 | Orc:2    | Found a roughly hewn altar of Beogh.
 24250 | Orc:1    | Found a roughly hewn altar of Beogh.
 25006 | D:11     | Found a glowing silver altar of Zin.
 25007 | D:11     | Found an ornate altar of the Wu Jian Council.
 25013 | D:11     | Noticed Nergalle
 25016 | D:11     | Killed Nergalle
 25290 | D:11     | Found a runed door.
 25323 | D:11     | Got a twisted robe
 25334 | D:11     | Identified the cursed +0 robe "Xoucac" {+Blink rPois Slay+3} (You found it on level 11 of the Dungeon)
 25479 | D:11     | Noticed Psyche
 25481 | D:11     | Killed Psyche
 26544 | D:12     | Identified Sif Muna's Compendium of Augmentations and Ice (Sif Muna gifted it to you on level 12 of the Dungeon)
 26544 | D:12     | Received a gift from Sif Muna
 27175 | D:13     | Found a gate to the Vaults.
 27179 | D:13     | Reached skill level 15 in Spellcasting
 27778 | D:13     | Reached XP level 16. HP: 93/93 MP: 20/35
 28713 | D:14     | Found a basalt altar of Yredelemnul.
 29416 | D:14     | You are sucked into a shaft!
 29416 | D:15     | Entered Level 15 of the Dungeon
 29427 | D:15     | Noticed Azrael
 29437 | D:15     | Killed Azrael
 29445 | D:15     | Noticed Agnes
 29458 | D:15     | Killed Agnes
 29579 | D:15     | Identified Sif Muna's Incunabulum of the Torrid Mountains (Sif Muna gifted it to you on level 15 of the Dungeon)
 29579 | D:15     | Received a gift from Sif Muna
 30169 | D:15     | Noticed Kirke
 30177 | D:15     | Noticed a sphinx
 30187 | D:15     | Killed Kirke
 30651 | D:15     | Found a staircase to the Depths.
 30882 | D:15     | Noticed Roxanne
 30886 | D:15     | Killed Roxanne
 30951 | D:15     | Identified Roxanne's Volume of Transmigration (You took it off Roxanne on level 15 of the Dungeon)
 31722 | Elf:1    | Entered Level 1 of the Elven Halls
 31809 | Elf:1    | Reached ****** piety under Sif Muna
 32008 | Elf:1    | Noticed Louise
 32016 | Elf:1    | Killed Louise
 32041 | Elf:1    | Found Hagaess's Antique Armour Shoppe.
 32358 | Elf:1    | Reached XP level 17. HP: 97/100 MP: 32/37
 32358 | Elf:1    | Received a gift from Sif Muna
 32576 | Elf:1    | Bought a pair of glowing boots for 195 gold pieces
 33598 | Elf:2    | Reached skill level 10 in Fighting
 33659 | Elf:2    | Found a huge runed gate.
 33661 | Elf:2    | Found a huge runed gate.
 33664 | Elf:2    | Found a huge runed gate.
 34789 | Elf:2    | Noticed a deep elf blademaster
 34807 | Elf:2    | Killed a deep elf blademaster
 35470 | Elf:3    | Entered Level 3 of the Elven Halls
 35487 | Elf:3    | Identified Sif Muna's Incunabulum of Curses and Intoxication (Sif Muna gifted it to you on level 3 of the Elven Halls)
 35487 | Elf:3    | Received a gift from Sif Muna
 35512 | Elf:3    | Found Cyumomib's Assorted Antiques.
 35516 | Elf:3    | Found Hutiaf's Assorted Antiques.
 35522 | Elf:3    | Found Zekle's Book Shop.
 35727 | Elf:3    | Bought a scroll of blinking for 210 gold pieces
 35727 | Elf:3    | Bought 2 potions of heal wounds for 280 gold pieces
 35727 | Elf:3    | Bought a potion of curing for 84 gold pieces
 35753 | Elf:3    | Found Fujottan's Book Emporium.
 36119 | Elf:3    | Found Hehoicor's Book Shoppe.
 36650 | Elf:3    | Reached XP level 18. HP: 103/108 MP: 21/39
 36910 | Elf:3    | Noticed a deep elf master archer
 36934 | Elf:3    | Killed a deep elf master archer
 37114 | Elf:3    | Noticed a deep elf blademaster
 37126 | Elf:3    | Killed a deep elf blademaster
 37924 | Elf:3    | Noticed a deep elf master archer
 37959 | Elf:3    | Killed a deep elf master archer
 38129 | Elf:3    | Got a heavily runed golden ring
 38136 | Elf:3    | Identified the ring "Emmymo" {Wiz rF+ Stlth+} (You took it off a deep elf knight on level 3 of the Elven Halls)
 38208 | Elf:3    | Noticed a deep elf blademaster
 38210 | Elf:3    | Identified Lafec's Guide on Ignition (Sif Muna gifted it to you on level 3 of the Elven Halls)
 38210 | Elf:3    | Received a gift from Sif Muna
 38210 | Elf:3    | Killed a deep elf blademaster
 38363 | Elf:3    | Got a clouded amber ring
 38426 | Elf:3    | Reached skill level 15 in Conjurations
 38456 | Elf:3    | Identified Sif Muna's Disquisition on Clay and Transmigration
 38500 | Elf:3    | Got a pair of slimy gloves
 38511 | Elf:3    | Identified the +2 pair of gloves of the Vestibule of Hell {rF+ Int+6} (You found it on level 3 of the Elven Halls)
 38513 | Elf:3    | Identified the ring "Lyblienu" {Fire MR+ Int+3 Dex+2} (You took it off a deep elf blademaster on level 3 of the Elven Halls)
 38557 | Elf:3    | Identified the Catalogue of Enchantment
 38851 | Spider:1 | Entered Level 1 of the Spider Nest
 38969 | Spider:1 | Noticed Nikola
 38974 | Spider:1 | Killed Nikola
 39969 | Spider:2 | Reached XP level 19. HP: 115/115 MP: 25/40
 40066 | Spider:2 | Identified Sif Muna's Volume of Conjuration (Sif Muna gifted it to you on level 2 of the Spider Nest)
 40066 | Spider:2 | Received a gift from Sif Muna
 40907 | Spider:2 | Got a pair of scorched boots
 40918 | Spider:2 | Identified the +0 pair of boots of the Zebra {+Fly rElec rN++ Dex-3} (You acquired it on level 2 of the Spider Nest)
 41049 | Spider:3 | Got a warped robe
 41060 | Spider:3 | Identified the +2 robe of the Original Sin {Regen+ Int+3 Slay+3} (You found it on level 3 of the Spider Nest)
 42494 | Spider:4 | Entered Level 4 of the Spider Nest
 42496 | Spider:4 | Received a gift from Sif Muna
 43542 | Spider:4 | Got a gossamer rune of Zot
 43804 | Shoals:1 | Entered Level 1 of the Shoals
 44397 | Shoals:1 | Got a fine bronze ring
 44416 | Shoals:1 | Identified the ring "Ceujue" {*Slow rPois rN+ MR++} (You found it on level 1 of the Shoals)
 44568 | Shoals:1 | Identified Sif Muna's Incunabulum of Conjuration (Sif Muna gifted it to you on level 1 of the Shoals)
 44568 | Shoals:1 | Received a gift from Sif Muna
 44636 | Shoals:1 | Learned a level 8 spell: Lehudib's Crystal Spear
 44662 | Shoals:1 | Reached XP level 20. HP: 120/120 MP: 25/42
 46547 | Shoals:3 | Upgraded the game from 0.22-a0-406-g9ff8d77 to 0.22-a0-407-gb098539
 47206 | Shoals:4 | Entered Level 4 of the Shoals
 47237 | Shoals:4 | Noticed Ilsuiw
 47249 | Shoals:4 | Killed Ilsuiw
 47823 | Shoals:4 | Got a fine zirconium amulet
 47991 | Shoals:3 | Identified the amulet "Dejak" {+Rage +Fly} (You took it off a merfolk javelineer on level 4 of the Shoals)
 48010 | Shoals:4 | Identified Sif Muna's Papyrus of the Glacier and the Compass (Sif Muna gifted it to you on level 4 of the Shoals)
 48010 | Shoals:4 | Received a gift from Sif Muna
 48313 | Shoals:4 | Noticed Polyphemus
 48324 | Shoals:4 | Killed Polyphemus
 48773 | Shoals:4 | Got a barnacled rune of Zot
 49531 | Shoals:4 | Got a sparkling turquoise ring
 49533 | Shoals:4 | Identified the ring "Fedoj" {+Blink +Inv MP+9 EV+4 Int-4} (You found it on level 4 of the Shoals)
 49784 | Vaults:1 | Entered Level 1 of the Vaults
 50241 | D:13     | Learned a level 5 spell: Bolt of Draining
 50246 | Vaults:1 | Identified Nuusugad's Guide on the Unstable Glacier (Sif Muna gifted it to you on level 1 of the Vaults)
 50246 | Vaults:1 | Received a gift from Sif Muna
 50490 | Vaults:1 | Cast into level 2 of the Abyss (a wizard)
 50578 | Abyss:2  | Noticed a bone dragon
 50581 | Abyss:2  | Killed a bone dragon
 50800 | Abyss:2  | Found a corrupted altar of Lugonu.
 51066 | Vaults:1 | Escaped the Abyss
 51068 | Vaults:1 | Reached XP level 21. HP: 124/124 MP: 32/44
 52304 | Vaults:1 | Identified Sif Muna's Papyrus of Sinister Combat Magic (Sif Muna gifted it to you on level 1 of the Vaults)
 52304 | Vaults:1 | Received a gift from Sif Muna
 52564 | Vaults:1 | Learned a level 6 spell: Bolt of Fire
 52975 | Vaults:1 | Noticed Donald
 52991 | Vaults:1 | Killed Donald
 53667 | Vaults:2 | Reached skill level 1 in Fire Magic
 55105 | Vaults:2 | Identified Sif Muna's Papyrus of Lethal Cold (Sif Muna gifted it to you on level 2 of the Vaults)
 55105 | Vaults:2 | Received a gift from Sif Muna
 55787 | Vaults:2 | Reached XP level 22. HP: 130/130 MP: 12/45
 56893 | Vaults:3 | Found a staircase to the Crypt.
 57012 | Vaults:3 | Reached skill level 5 in Fire Magic
 57376 | Vaults:3 | Identified Sif Muna's Disquisition on Unholy Clay (Sif Muna gifted it to you on level 3 of the Vaults)
 57376 | Vaults:3 | Received a gift from Sif Muna
 58051 | Vaults:3 | Reached skill level 27 in Earth Magic
 58437 | Vaults:3 | Found Tenicwe's General Store.
 59293 | Vaults:4 | Found Rudiar's Assorted Antiques.
 59294 | Vaults:4 | Found Qystrico's General Store.
 59302 | Vaults:4 | Bought a potion of heal wounds for 85 gold pieces
 59302 | Vaults:4 | Bought a potion of resistance for 170 gold pieces
 59578 | Vaults:4 | Found Tehaf's Distillery.
 59605 | Vaults:4 | Bought a potion of curing for 45 gold pieces
 59605 | Vaults:4 | Bought a potion of curing for 45 gold pieces
 59605 | Vaults:4 | Bought a potion of haste for 150 gold pieces
 59605 | Vaults:4 | Bought 2 potions of heal wounds for 150 gold pieces
 59605 | Vaults:4 | Bought a potion of magic for 120 gold pieces
 59629 | Vaults:4 | Found Heaskani's Food Emporium.
 59630 | Vaults:4 | Noticed Xtahua
 59634 | Vaults:4 | Killed Xtahua
 60121 | Vaults:4 | Found Xozxuamp's Weapon Shoppe.
 60153 | Vaults:4 | Received a gift from Sif Muna
 60793 | Vaults:5 | Entered Level 5 of the Vaults
 60794 | Vaults:5 | Reached XP level 23. HP: 136/136 MP: 47/47
 61028 | Vaults:5 | Noticed an ancient lich
 61140 | Vaults:5 | Received a gift from Sif Muna
 61143 | Vaults:5 | Killed an ancient lich
 61727 | Depths:1 | Entered Level 1 of the Depths
 62054 | Depths:1 | Found Roigrod's Antique Armour Emporium.
 62071 | Depths:1 | Bought the +3 warlock's mirror {reflect} for 1720 gold pieces
 62071 | Depths:1 | Found the +3 warlock's mirror {reflect}
 62972 | Depths:1 | Reached XP level 24. HP: 132/145 MP: 1/47
 63122 | Depths:1 | Identified Sif Muna's Disquisition on the Creative Arsonist (Sif Muna gifted it to you on level 1 of the Depths)
 63122 | Depths:1 | Received a gift from Sif Muna
 63243 | Depths:1 | Identified the +2 ring mail of the First Snow {rPois rCorr Dex-4} (You took it off a tengu warrior on level 1 of the Depths)
 63303 | Depths:1 | Found a gateway to Hell.
 64191 | Depths:1 | Identified the Tome of Bewitching Attacks
 64197 | Depths:1 | Got a smoking pewter amulet
 64198 | Depths:1 | Identified the amulet "Ypuogg" {Inacc *Corrode Str+8} (You found it on level 1 of the Depths)
 64465 | Depths:2 | Killed Anno's ghost
 64767 | Depths:2 | Learned a level 8 spell: Ignition
 64821 | Depths:2 | Found a blossoming altar of Fedhas.
 64848 | Depths:2 | Received a gift from Sif Muna
 64889 | Depths:2 | Found a runed door.
 65016 | Depths:2 | Reached skill level 10 in Fire Magic
 66292 | Depths:2 | Noticed an ancient lich
 66293 | Depths:2 | Paralysed by an ancient lich for 3 turns
 66299 | Depths:2 | Killed an ancient lich
 66601 | Depths:2 | Found a blossoming altar of Fedhas.
 66674 | Depths:2 | Noticed a caustic shrike
 66680 | Depths:2 | Killed a caustic shrike
 66946 | Depths:2 | Identified Zehalon's Handbook of Sinister Arts
 67052 | Depths:2 | Found a one-way gate to the infinite horrors of the Abyss.
 67751 | Vaults:4 | Identified Sif Muna's Guide on Enhancements (Sif Muna gifted it to you on level 4 of the Vaults)
 67751 | Vaults:4 | Received a gift from Sif Muna
 67950 | Vaults:4 | Reached XP level 25. HP: 117/153 MP: 16/48
 68882 | Vaults:5 | Got a silver rune of Zot
 68897 | Vaults:5 | Identified the Almanac of Creative Flight
 69019 | Vaults:5 | Reached skill level 15 in Fighting
 69297 | Vaults:5 | Found Foepioro's Gadget Shoppe.
 69327 | Vaults:5 | Found Hueboede's General Store.
 69331 | Vaults:5 | Bought a scroll of identify for 30 gold pieces
 69331 | Vaults:5 | Bought a scroll of identify for 30 gold pieces
 69357 | Vaults:5 | Found Peij's Gadget Boutique.
 69372 | Vaults:5 | Found Enu Irr's Distillery.
 69376 | Vaults:5 | Bought a potion of curing for 63 gold pieces
 69376 | Vaults:5 | Bought a potion of magic for 168 gold pieces
 69376 | Vaults:5 | Bought 2 potions of magic for 336 gold pieces
 69376 | Vaults:5 | Bought a potion of curing for 63 gold pieces
 69979 | Depths:3 | Identified Sif Muna's Reference Book on Feathery Enchantment (Sif Muna gifted it to you on level 3 of the Depths)
 69979 | Depths:3 | Received a gift from Sif Muna
 72141 | Depths:3 | Found a one-way gate leading to the halls of Pandemonium.
 72346 | Depths:3 | Reached XP level 26. HP: 120/162 MP: 22/48
 72347 | Depths:3 | Received a gift from Sif Muna
 72968 | Depths:3 | Identified the Guide on Ensnaring Calling
 73772 | Depths:4 | Found a runed door.
 73776 | Depths:4 | Noticed Saint Roka
 73785 | Depths:4 | Killed Saint Roka
 74063 | Depths:4 | Found a gateway to a ziggurat.
 74453 | Depths:4 | Found Vietoij's Jewellery Boutique.
 74454 | Depths:4 | Found Pouq's Gadget Emporium.
 74455 | Depths:4 | Found Becomoy's Jewellery Boutique.
 74674 | Depths:4 | Found a runed door.
 74679 | Depths:4 | Noticed a juggernaut
 74684 | Depths:4 | Killed a juggernaut
 74948 | Depths:5 | Entered Level 5 of the Depths
 74965 | Depths:5 | Identified Titeth's Papyrus of the Four Wishes (Sif Muna gifted it to you on level 5 of the Depths)
 74965 | Depths:5 | Received a gift from Sif Muna
 75348 | Depths:5 | Found a gate to the Realm of Zot.
 75805 | Depths:5 | Found Xeong's Assorted Antiques.
 75836 | Depths:5 | Bought a scroll of identify for 80 gold pieces
 76556 | Depths:5 | Found Peceyrch's Magic Scroll Shoppe.
 76556 | Depths:5 | Found Azatebeu's Antique Armour Emporium.
 76564 | Depths:5 | Bought a scroll of blinking for 97 gold pieces
 76564 | Depths:5 | Bought a scroll of teleportation for 39 gold pieces
 76564 | Depths:5 | Bought a scroll of teleportation for 39 gold pieces
 76767 | Zot:1    | Entered Level 1 of the Realm of Zot
 76783 | Zot:1    | Identified Sif Muna's Reference Book on the Supportive Blaze (Sif Muna gifted it to you on level 1 of the Realm of Zot)
 76783 | Zot:1    | Received a gift from Sif Muna
 77002 | Zot:1    | Reached XP level 27. HP: 164/168 MP: 30/49
 77176 | Zot:1    | Noticed an orb of fire
 77180 | Zot:1    | Killed an orb of fire
 78737 | Zot:2    | Identified Huom's Catalogue of Creative Toxins (Sif Muna gifted it to you on level 2 of the Realm of Zot)
 78737 | Zot:2    | Received a gift from Sif Muna
 79127 | Zot:2    | Identified Ivefe's Collected Works on the Excruciating Escort
 79268 | Zot:2    | Noticed Tiamat
 79289 | Zot:2    | Killed Tiamat
 79952 | Zot:3    | Reached skill level 15 in Fire Magic
 79976 | Zot:3    | Identified Sif Muna's Papyrus of Blistering Evil Magic (Sif Muna gifted it to you on level 3 of the Realm of Zot)
 79976 | Zot:3    | Received a gift from Sif Muna
 80760 | Zot:3    | Received a gift from Sif Muna
 81385 | Crypt:1  | Entered Level 1 of the Crypt
 81812 | Crypt:1  | Noticed Bai Suzhen
 81819 | Crypt:1  | Killed Bai Suzhen
 82790 | Crypt:2  | Noticed Mara
 82795 | Crypt:2  | Killed Mara
 83032 | Crypt:2  | Identified Pishrad's Papyrus of Companions and Attacks (Sif Muna gifted it to you on level 2 of the Crypt)
 83032 | Crypt:2  | Received a gift from Sif Muna
 83215 | Crypt:2  | Noticed Boris
 83223 | Crypt:2  | Killed Boris
 83386 | Crypt:2  | Noticed Jory
 83522 | Crypt:2  | Noticed Sojobo
 84044 | Crypt:2  | Killed Jory
 84419 | Crypt:2  | Found a basalt altar of Yredelemnul.
 84548 | Crypt:2  | Killed Sojobo
 84642 | Crypt:2  | Found a basalt altar of Yredelemnul.
 84723 | Crypt:2  | Found a basalt altar of Yredelemnul.
 84864 | Crypt:3  | Entered Level 3 of the Crypt
 84872 | Crypt:3  | Received a gift from Sif Muna
 85730 | Crypt:3  | Got a wavering silver ring
 85735 | Crypt:3  | Identified the ring "Xeimpid" {rF++ rN+ Int-2 Dex+6} (You took it off a hell knight on level 3 of the Crypt)
 85747 | Crypt:3  | Learned a level 9 spell: Fire Storm
 85974 | Crypt:3  | Got a vibrating ivory ring
 85975 | Crypt:3  | Identified the ring of Otoevycs {+Fly rN+ Dex+2} (You took it off a hell knight on level 3 of the Crypt)
 85989 | Crypt:3  | Got a faintly glowing lead ring
 86236 | Crypt:3  | Found the +9 staff of Olgreb {rPois}
 86427 | Crypt:3  | Found an ancient bone altar of Kikubaaqudgha.
 86433 | Crypt:3  | Reached skill level 27 in Conjurations
 86477 | Crypt:3  | Noticed an ancient lich
 86480 | Crypt:3  | Killed an ancient lich
 86530 | Crypt:3  | Got a glittering silver ring
 86531 | Crypt:3  | Identified the ring of Sicef Qecyb {rPois MR+ Str-2 Int+2} (You found it on level 3 of the Crypt)
 86532 | Crypt:3  | Identified the ring "Lugupp" {rN+ Int+5 Dex-3 SInv} (You took it off a hell knight on level 3 of the Crypt)
 86769 | Crypt:3  | Found a staircase to the Tomb.
 87024 | Tomb:1   | Entered Level 1 of the Tomb of the Ancients
 87044 | Tomb:1   | Noticed nebgrebaes's ghost (legendary MiFi)
 87066 | Tomb:1   | Noticed a greater mummy
 87069 | Tomb:1   | Noticed a greater mummy
 87070 | Tomb:1   | Killed nebgrebaes's ghost
 87070 | Tomb:1   | Received a gift from Sif Muna
 87070 | Tomb:1   | Killed a greater mummy
 87199 | Tomb:1   | Noticed a greater mummy
 87201 | Tomb:1   | Killed a greater mummy
 87201 | Tomb:1   | Killed a greater mummy
 87244 | Tomb:1   | Noticed a greater mummy
 87251 | Tomb:1   | Noticed a greater mummy
 87251 | Tomb:1   | Killed a greater mummy
 87252 | Tomb:1   | Noticed a greater mummy
 87256 | Tomb:1   | Noticed a greater mummy
 87256 | Tomb:1   | Killed a greater mummy
 87754 | Hell     | Entered the Vestibule of Hell
 87754 | Hell     | Noticed Geryon
 87760 | Hell     | Killed Geryon
 87861 | Hell     | Noticed an ancient lich
 87863 | Hell     | Killed an ancient lich
 87935 | Hell     | Received a gift from Sif Muna
 88136 | Hell     | Found a gateway to the decaying netherworld of Tartarus.
 88245 | Hell     | Found a gateway to the ashen valley of Gehenna.
 88357 | Hell     | Found a gateway to the Iron City of Dis.
 88393 | Hell     | Found a gateway to the freezing wastes of Cocytus.
 88806 | Dis:1    | Entered Level 1 of the Iron City of Dis
 89419 | Slime:1  | Entered Level 1 of the Pits of Slime
 90096 | Slime:2  | Received a gift from Sif Muna
 91828 | Slime:5  | Entered Level 5 of the Pits of Slime
 91831 | Slime:5  | Noticed Dissolution
 91836 | Slime:5  | Killed Dissolution
 91936 | Slime:5  | Gained mutation: You are mostly covered in icy blue scales. (AC +3) [a shining eye]
 91937 | Slime:5  | Received a gift from Sif Muna
 91939 | Slime:5  | Noticed the Royal Jelly
 91941 | Slime:5  | Killed the Royal Jelly
 92192 | Slime:5  | Identified the Handbook of the Ensnaring Arsonist
 92245 | Slime:5  | Got a slimy rune of Zot
 93369 | Depths:2 | Voluntarily entered the Abyss.
 93649 | Abyss:3  | Received a gift from Sif Muna
 94237 | Abyss:3  | Found a corrupted altar of Lugonu.
 94365 | Abyss:3  | Found a corrupted altar of Lugonu.
 94462 | Abyss:3  | Received a gift from Sif Muna
 94917 | Abyss:3  | Paralysed by accursed screaming for 1 turns
 95302 | Abyss:3  | Gained mutation: Your spells are a little easier to cast, but a little less powerful. [a neqoxec]
 95305 | Abyss:3  | Gained mutation: You are dopey. (Int -2) [a neqoxec]
 95336 | Abyss:3  | Paralysed by accursed screaming for 1 turns
 95371 | Abyss:3  | Received a gift from Sif Muna
 95882 | Abyss:3  | Received a gift from Sif Muna
 96014 | Abyss:3  | Reached skill level 27 in Spellcasting
 96099 | Abyss:3  | Reached skill level 1 in Staves
 96102 | Abyss:3  | Reached skill level 1 in Invocations
 96150 | Abyss:3  | Gained mutation: You are frail. (-10% HP) [a neqoxec]
 96155 | Abyss:3  | Gained mutation: You are weak. (Str -2) [a neqoxec]
 96158 | Abyss:3  | Gained mutation: You are very weak. (Str -4) [a neqoxec]
 96547 | Abyss:4  | Lost mutation: You possess an exceptional clarity of mind. [potion of mutation]
 96547 | Abyss:4  | Lost mutation: You have large cloven feet. [potion of mutation]
 96547 | Abyss:4  | Lost mutation: You are dopey. (Int -2) [potion of mutation]
 96547 | Abyss:4  | Gained mutation: Armour fits poorly on your strangely shaped body. [potion of mutation]
 96547 | Abyss:4  | Gained mutation: Your magical capacity is low. (-10% MP) [potion of mutation]
 96547 | Abyss:4  | Gained mutation: You are covered in fur. (AC +1) [potion of mutation]
 96552 | Abyss:4  | Lost mutation: You are frail. (-10% HP) [potion of mutation]
 96552 | Abyss:4  | Lost mutation: Armour fits poorly on your strangely shaped body. [potion of mutation]
 96552 | Abyss:4  | Lost mutation: Your magical capacity is low. (-10% MP) [potion of mutation]
 96552 | Abyss:4  | Lost mutation: You are very weak. (Str -4) [potion of mutation]
 96552 | Abyss:4  | Gained mutation: You are somewhat resistant to further mutation. [potion of mutation]
 96701 | Abyss:5  | Entered Level 5 of the Abyss
 96724 | Abyss:5  | Found a corrupted altar of Lugonu.
 96770 | Depths:2 | Escaped the Abyss
 97073 | Depths:2 | Lost mutation: You occasionally shout uncontrollably at your foes. [potion of mutation]
 97073 | Depths:2 | Lost mutation: Your spells are a little easier to cast, but a little less powerful. [potion of mutation]
 97073 | Depths:2 | Lost mutation: You are covered in fur. (AC +1) [potion of mutation]
 97073 | Depths:2 | Lost mutation: You are somewhat resistant to further mutation. [potion of mutation]
 97073 | Depths:2 | Gained mutation: Your spells are a little harder to cast, but a little more powerful. [potion of mutation]
 97132 | Coc:1    | Entered Level 1 of Cocytus
 97287 | Coc:1    | Reached skill level 5 in Invocations
 97397 | Coc:2    | Reached skill level 5 in Staves
 97944 | Coc:1    | Received a gift from Sif Muna
 98161 | Coc:1    | Gained mutation: You occasionally shout uncontrollably at your foes. [mutagenic glow]
 99553 | Coc:2    | Gained mutation: Your magical capacity is low. (-10% MP) [mutagenic glow]
 99576 | Coc:2    | Lost mutation: Your spells are a little harder to cast, but a little more powerful. [mutagenic glow]
100669 | Coc:3    | Received a gift from Sif Muna
101213 | Coc:3    | Reached skill level 10 in Invocations
102029 | Coc:4    | Reached skill level 10 in Staves
102650 | Coc:4    | Reached skill level 1 in Armour
103269 | Coc:5    | Reached skill level 5 in Shields
103712 | Coc:5    | Reached skill level 5 in Dodging
103854 | Coc:5    | Received a gift from Sif Muna
104333 | Coc:5    | Noticed an ancient lich
104352 | Coc:5    | Killed an ancient lich
104497 | Coc:6    | Gained mutation: Your body sometimes deteriorates upon taking damage. [mutagenic glow]
104524 | Coc:6    | Gained mutation: Scrolls take you a little longer to read. [mutagenic glow]
104796 | Coc:6    | Reached skill level 5 in Armour
105238 | Coc:6    | Gained mutation: You tend to lose your temper in combat. [mutagenic glow]
105285 | Coc:6    | Gained mutation: Potions are less effective at restoring your health. [mutagenic glow]
105794 | Coc:7    | Entered Level 7 of Cocytus
106075 | Coc:2    | Gained mutation: You are frail. (-10% HP) [mutagenic glow]
106355 | Hell     | Learned a level 7 spell: Spellforged Servitor
106526 | Coc:7    | Reached skill level 1 in Summonings
106861 | Coc:2    | Reached skill level 1 in Air Magic
106951 | Coc:3    | Lost mutation: You are weak. (Str -2) [potion of mutation]
106951 | Coc:3    | Lost mutation: Your magical capacity is low. (-10% MP) [potion of mutation]
106951 | Coc:3    | Lost mutation: Your body sometimes deteriorates upon taking damage. [potion of mutation]
106951 | Coc:3    | Gained mutation: You are partially covered in thin metallic scales. (AC +2) [potion of mutation]
107037 | Coc:6    | Received a gift from Sif Muna
107037 | Coc:6    | Reached skill level 10 in Dodging
107057 | Coc:7    | Reached skill level 10 in Shields
107341 | Coc:2    | Reached skill level 5 in Summonings
107626 | Coc:7    | Reached skill level 5 in Air Magic
107745 | Coc:7    | Noticed Antaeus
107766 | Coc:7    | Mangled by Antaeus

Vault maps used:
D:1:      dpeg_arrival_prison, kennysheep_decorative_pillar
D:3:      tgw_trog, serial_curves, eino_curves_01, eino_curves_04,
          okawaru_ov_weapons_minmay
D:4:      temple_green, first_ration, uniq_crazy_yiuf_cottage
D:6:      cheibrodos_fertilizer, uniq_sigmund
D:7:      serial_bayou, serial_bayou_pond_e, serial_bayou_lake_a,
          serial_bayou_lagoon_a, serial_bayou_shore_b,
          grunt_dithmenos_smoke_and_mirrors, uniq_duvessa
D:8:      grunt_qazlal_sundering
D:9:      david_orc_4, basic_altar
D:10:     minmay_lair_entry_lava, grunt_ogre_cave, minmay_misc_feat_columns
D:11:     minmay_st_funbox, jmf_multi_god_temple, uniq_nergalle, uniq_psyche
D:13:     erik_vaults_2, kennysheep_doodads
D:14:     yredelemnul_altar_generic
D:15:     grunt_enter_depths_giant_problem, kennysheep_pointless_box,
          uniq_azrael, uniq_roxanne, uniq_agnes, uniq_kirke
Temple:   roderic_octagonal_lattice_temple
Lair:2:   elwin_shoals_entry_rocks, spider_nest_entry_webs,
          minmay_lair_oklob_chamber, grunt_megastairs_4, lemuel_fruit_fields,
          uniq_sonja
Lair:3:   beast_lair_carwin_9, serial_bayou_shore_a, serial_bayou_shore_b,
          grunt_megastairs_3, uniq_harold
Lair:4:   lemuel_fruit_fields, grunt_megastairs_2, infiniplex_staircase_pool,
          lemuel_fruit_tree
Lair:5:   slime_altar_2, lab_entry_generic, uniq_nessos
Lair:6:   cheibrodos_lair_end_hotspot
Shoals:1: nicolae_shoals_arrival_archipelago
Shoals:4: shoals_end_hangedman, shoals_ilsuiw_ice,
          nicolae_shoals_square_sea_wall, nicolae_shoals_this_corrosion,
          uniq_polyphemus
Spider:1: uniq_nikola
Spider:3: worms_lemuel
Spider:4: spider_rune_water
Slime:5:  uniq_dissolution
Orc:1:    basic_altar, enter_bailey_2, statue_in_the_mist_lemuel,
          nicolae_orc_damp_corner, mines2_david, uniq_josephine
Orc:2:    st_orc_mages, basic_altar
Elf:1:    minmay_elf_arrival_circle, serial_shops, shop,
          hangedman_elf_represent, uniq_louise
Elf:2:    einodemon_barbed_minivault, basic_stair_grate_trap
Elf:3:    minmay_elf_hall_x, serial_shops, shop_statue, shop,
          nicolae_shop_overgrown_old_shop, shop, nicolae_shop_stone,
          st_stairs_11
Vaults:1: vaults_room_pools, v_alt_pattern_2, nicolae_vaults_octagons, v_misc_4,
          ontoclasm_vaults_decontamination, v_rooms_6, vaults_dpeg_spiral,
          nicolae_vaults_three_branches, mu_enter_wizlab_1, uniq_donald
Vaults:2: vaults_mumra_chevron, ontoclasm_vaults_loading_screen, v_rooms_4,
          grunt_vaults_funnel, nicolae_vaults_ninety_degrees,
          nicolae_vaults_gold_heap, nicolae_vaults_meeting,
          vaults_room_large_hall, vaults_standard_mumra_x,
          vaults_mumra_chevron_long, v_misc_27, hangedman_vaults_pinch,
          vaults_dpeg_doors, nicolae_vaults_specimen_jars
Vaults:3: grunt_vaults_swirl, ontoclasm_vaults_ring_large,
          nicolae_vaults_little_squares_3, nicolae_vaults_network_star,
          ontoclasm_vaults_ring_small, blue_anna_dwarven_crypt,
          vaults_mumra_hex, nicolae_vaults_yaktaur_gun_rack, v_misc_24,
          ontoclasm_vaults_chip, serial_shops, shop_statue
Vaults:4: v_misc_30, nicolae_vaults_triangles, nicolae_vaults_angled_halls,
          v_misc_13, hangedman_vaults_corner_blocks, v_misc_11,
          nicolae_vaults_alarming, serial_shops, shop, shop, shop,
          nicolae_shop_trees, shop, uniq_xtahua
Vaults:5: serial_shops
Crypt:1:  uniq_bai_suzhen
Crypt:2:  lemuel_vampire_tower, hex_tiny, hangedman_feature_mirror, uniq_sojobo,
          uniq_mara, uniq_boris
Crypt:3:  quadcrypt_mu
Depths:1: minmay_expanding_circles, serial_shops, shop,
          grunt_hell_entry_dis_grunt, kennysheep_cross_bottleneck,
          lemuel_another_geyser
Depths:2: minmay_the_grid_triangle_9x9_rhombus_full_mashed, abyss_entry,
          hell_entry, special_room, nicolae_lava_and_water,
          hangedman_decor_lopped, lemuel_statue_altar,
          infiniplex_staircase_zigzag_5
Depths:3: minmay_sliced_demisemicircle, minmay_misc_feat_tower, serial_glass,
          glass_columns_a, glass_columns_b, rand_demon_pan_entry_7, hell_entry,
          serial_bayou_shore_b
Depths:4: thingy_vault_2, enter_ziggurat_d, minivault_11, pf_coc_iceberg,
          nicolae_abyss_entry_one_way_or_another, hangedman_decor_growths,
          minmay_staircase_bubble, firewood_loft, minmay_shop_grove,
          uniq_saint_roka
Depths:5: grunt_zot_entry_pinwheel, serial_bayou_pond_a, hangedman_geh_valley,
          serial_shops, shop, grunt_ministairs_13, library_closet,
          glass_columns_a, minmay_shoptagon
Coc:7:    coc_dpeg
Zot:2:    st_large_dragon_hoard_4, uniq_tiamat
Zot:3:    grunt_deathspiral_small
Abyss:2:  evilmike_abyss_exit_glass
Abyss:4:  evilmike_abyss_exit_1
Abyss:5:  gammafunk_abyss_rune_reverse_zot, hangedman_abyss_shoalhut
Bailey:   bailey_polearm_4, bailey

Skill      XL: |  1  2  3  4  5  6  7  8  9 10 11 12 13 14 15 16 17 18 19 20 21 22 23 24 25 26 27 |
---------------+----------------------------------------------------------------------------------+-----
Dodging        | 2 3 10 | 10.0
Earth Magic    | 4 5 6 8 9 10 12 14 15 16 17 19 20 21 22 24 25 26 27 | 27.0
Conjurations   | 1 2 4 6 7 9 10 11 12 13 14 15 16 17 19 20 22 23 27 | 27.0
Spellcasting   | 3 4 5 6 8 9 11 12 13 14 15 16 17 18 19 20 21 22 27 | 27.0
Fighting       | 2 3 6 8 9 10 11 12 13 14 15 16 20 | 20.0
Shields        | 4 10 | 10.0
Fire Magic     | 4 6 9 10 12 13 22 | 22.1
Staves         | 11 | 11.0
Invocations    | 10 | 10.1
Armour         | 8 |  8.0
Summonings     | 6 |  6.3
Air Magic      | 5 |  5.3
Stealth        | |  2.1
Transmutations | |  0.7

Action                   |  1- 3 |  4- 6 |  7- 9 | 10-12 | 13-15 | 16-18 | 19-21 | 22-24 | 25-27 || total
-------------------------+-------+-------+-------+-------+-------+-------+-------+-------+-------++-------
Melee: Unarmed           |    36 |       |       |       |       |       |       |       |       ||    36
       Dagger            |    27 |    73 |       |       |       |       |       |       |       ||   100
       Kick              |     3 |    16 |     8 |    28 |       |       |       |       |       ||    55
       Quarterstaff      |       |    18 |   123 |   260 |   228 |       |       |       |       ||   629
       Staff             |       |       |       |       |   104 |   228 |   121 |   197 |   707 ||  1357
 Cast: Sandblast         |    29 |    43 |    37 |   127 |   119 |    34 |    35 |    32 |   185 ||   641
       Stone Arrow       |     2 |    23 |    28 |    73 |    82 |    26 |    10 |    12 |    66 ||   322
       Lee's Rapid Decon |       |     1 |     2 |    53 |    46 |    59 |    42 |    76 |   339 ||   618
       Bolt of Magma     |       |       |       |     1 |    96 |   134 |   301 |    67 |   382 ||   981
       Borgnjor's Vile C |       |       |       |       |   153 |   128 |    98 |    56 |    99 ||   534
       Iron Shot         |       |       |       |       |    90 |   146 |   162 |   138 |   797 ||  1333
       Blink             |       |       |       |       |     3 |     5 |     5 |       |     2 ||    15
       Shatter           |       |       |       |       |       |     8 |    35 |    18 |   108 ||   169
       Lehudib's Crystal |       |       |       |       |       |       |    42 |    64 |   195 ||   301
       Bolt of Draining  |       |       |       |       |       |       |     5 |       |       ||     5
       Bolt of Fire      |       |       |       |       |       |       |    14 |   122 |   329 ||   465
       Ignition          |       |       |       |       |       |       |       |       |   189 ||   189
       Fire Storm        |       |       |       |       |       |       |       |       |    20 ||    20
Invok: Divine Energy     |       |       |       |     1 |       |       |       |       |     1 ||     2
       Channel Magic     |       |       |       |       |       |       |       |       |    25 ||    25
       Stop Divine Energ |       |       |       |       |       |       |       |       |     1 ||     1
 Abil: Fly               |       |       |       |       |     1 |       |       |       |     1 ||     2
       Stop Flying       |       |       |       |       |       |       |       |       |     1 ||     1
Evoke: Wand              |       |       |       |     5 |       |    13 |     7 |     1 |     1 ||    27
  Use: Scroll            |     4 |     4 |     5 |     7 |     4 |    15 |     8 |     6 |    13 ||    66
       Potion            |     3 |     1 |     3 |     4 |     6 |     5 |     1 |     1 |    17 ||    41
 Stab: Sleeping          |       |       |       |     2 |       |       |       |       |       ||     2
       Paralysed         |       |       |       |     2 |     3 |       |       |       |     3 ||     8
       Petrified         |       |       |       |     1 |     4 |       |       |       |       ||     5
       Petrifying        |       |       |       |       |     1 |       |       |       |       ||     1
       Distracted        |       |       |       |       |     1 |       |       |       |       ||     1
  Eat: Chunk             |     2 |    10 |     9 |    28 |    70 |    52 |    38 |    42 |    59 ||   310
       Ration            |       |     1 |       |     2 |     6 |     4 |    10 |     2 |    25 ||    50
Armor: Robe              |    37 |    37 |    95 |   335 |   255 |   408 |   247 |   255 |  1169 ||  2838
Dodge: Dodged            |    46 |    76 |   137 |   259 |   540 |   608 |   463 |   433 |  1855 ||  4417
Block: Buckler           |       |       |       |       |    30 |   129 |   103 |   158 |   843 ||  1263
       Reflection        |       |       |       |       |       |       |       |    15 |    66 ||    81

Table legend:
 A = Spawn XP
 B = Non-spawn XP
 C = Spawn XP percentage of total XP
 D = Spawn monster count
 E = Non-spawn monster count
 F = Spawn count percentage of total count
 G = Total turns spent on level
                    A         B        C        D         E        F      G
               +---------+---------+-------+---------+---------+-------+---------
         Total |  201217 | 2468509 |   7.5 |     376 |    3595 |   9.5 | 107766
               +---------+---------+-------+---------+---------+-------+---------
           D:1 |       0 |      39 |   0.0 |       0 |      18 |   0.0 |  1128
           D:2 |       0 |      87 |   0.0 |       0 |      16 |   0.0 |  1483
           D:3 |       0 |      53 |   0.0 |       0 |      25 |   0.0 |   741
           D:4 |       0 |     203 |   0.0 |       0 |      10 |   0.0 |   883
           D:5 |       0 |     616 |   0.0 |       0 |      30 |   0.0 |  1275
           D:6 |       0 |    2265 |   0.0 |       0 |      37 |   0.0 |   896
           D:7 |       0 |    1976 |   0.0 |       0 |      19 |   0.0 |   921
           D:8 |       0 |    1238 |   0.0 |       0 |      29 |   0.0 |  1093
           D:9 |       0 |    4399 |   0.0 |       0 |      52 |   0.0 |  1424
          D:10 |       0 |    2233 |   0.0 |       0 |      29 |   0.0 |  1299
          D:11 |       0 |   17212 |   0.0 |       0 |      64 |   0.0 |  1713
          D:12 |       0 |    2012 |   0.0 |       0 |      21 |   0.0 |   659
          D:13 |       0 |   15513 |   0.0 |       0 |      31 |   0.0 |  2691
          D:14 |       0 |    8153 |   0.0 |       0 |      24 |   0.0 |  1437
          D:15 |       0 |   29131 |   0.0 |       0 |      66 |   0.0 |  2181
        Lair:1 |       0 |    4609 |   0.0 |       0 |      23 |   0.0 |  1489
        Lair:2 |       0 |   16780 |   0.0 |       0 |      53 |   0.0 |  2350
        Lair:3 |       0 |   10419 |   0.0 |       0 |      45 |   0.0 |  1443
        Lair:4 |       0 |   10980 |   0.0 |       0 |      28 |   0.0 |  2074
        Lair:5 |       0 |    9658 |   0.0 |       0 |      25 |   0.0 |  1114
        Lair:6 |       0 |   21224 |   0.0 |       0 |      59 |   0.0 |  3083
      Shoals:1 |       0 |   14095 |   0.0 |       0 |      23 |   0.0 |  1287
      Shoals:2 |       0 |    8810 |   0.0 |       0 |      21 |   0.0 |   980
      Shoals:3 |       0 |    9440 |   0.0 |       0 |      17 |   0.0 |  1870
      Shoals:4 |       0 |   44570 |   0.0 |       0 |      67 |   0.0 |  1703
      Spider:1 |       0 |   15930 |   0.0 |       0 |      30 |   0.0 |  1202
      Spider:2 |       0 |   21159 |   0.0 |       0 |      63 |   0.0 |   863
      Spider:3 |       0 |   20212 |   0.0 |       0 |      53 |   0.0 |  1389
      Spider:4 |       0 |   29596 |   0.0 |       0 |      68 |   0.0 |   919
       Slime:1 |       0 |   10586 |   0.0 |       0 |      18 |   0.0 |   944
       Slime:2 |       0 |   16262 |   0.0 |       0 |      38 |   0.0 |   516
       Slime:3 |       0 |   24574 |   0.0 |       0 |      26 |   0.0 |   604
       Slime:4 |       0 |    4202 |   0.0 |       0 |       7 |   0.0 |   694
       Slime:5 |       0 |   65213 |   0.0 |       0 |      46 |   0.0 |   828
         Orc:1 |       0 |    5141 |   0.0 |       0 |      32 |   0.0 |   983
         Orc:2 |       0 |    8433 |   0.0 |       0 |      88 |   0.0 |  1896
         Elf:1 |       0 |   24602 |   0.0 |       0 |      38 |   0.0 |  1516
         Elf:2 |       0 |   36689 |   0.0 |       0 |      54 |   0.0 |  2390
         Elf:3 |       0 |   64915 |   0.0 |       0 |      64 |   0.0 |  3016
      Vaults:1 |     479 |   48907 |   1.0 |       1 |      99 |   1.0 |  2256
      Vaults:2 |       0 |   81839 |   0.0 |       0 |     108 |   0.0 |  3151
      Vaults:3 |       0 |   43835 |   0.0 |       0 |      66 |   0.0 |  2915
      Vaults:4 |       0 |   60536 |   0.0 |       0 |      66 |   0.0 |  3095
      Vaults:5 |       0 |  145610 |   0.0 |       0 |     129 |   0.0 |  1264
       Crypt:1 |       0 |   38247 |   0.0 |       0 |      47 |   0.0 |  1813
       Crypt:2 |       0 |   79736 |   0.0 |       0 |      97 |   0.0 |  1481
       Crypt:3 |       0 |   64816 |   0.0 |       0 |      81 |   0.0 |  2568
        Tomb:1 |       0 |   40160 |   0.0 |       0 |      12 |   0.0 |    70
      Depths:1 |       0 |   90320 |   0.0 |       0 |     111 |   0.0 |  3593
      Depths:2 |       0 |   76988 |   0.0 |       0 |      70 |   0.0 |  3584
      Depths:3 |       0 |   84798 |   0.0 |       0 |      93 |   0.0 |  2861
      Depths:4 |       0 |   74902 |   0.0 |       0 |      58 |   0.0 |  1667
      Depths:5 |       0 |   54844 |   0.0 |       0 |      45 |   0.0 |  1898
          Hell |       0 |   64623 |   0.0 |       0 |      94 |   0.0 |  2852
         Dis:1 |       0 |   10850 |   0.0 |       0 |      27 |   0.0 |   294
         Coc:1 |       0 |   53514 |   0.0 |       0 |      76 |   0.0 |  1300
         Coc:2 |       0 |  117995 |   0.0 |       0 |     162 |   0.0 |  1902
         Coc:3 |       0 |   55467 |   0.0 |       0 |      89 |   0.0 |  1219
         Coc:4 |       0 |   55372 |   0.0 |       0 |      75 |   0.0 |  1129
         Coc:5 |       0 |   74840 |   0.0 |       0 |      78 |   0.0 |  1364
         Coc:6 |       0 |   85397 |   0.0 |       0 |     118 |   0.0 |  1455
         Coc:7 |       0 |   96157 |   0.0 |       0 |      89 |   0.0 |   297
         Zot:1 |       0 |   44549 |   0.0 |       0 |      22 |   0.0 |   957
         Zot:2 |       0 |   92817 |   0.0 |       0 |      50 |   0.0 |  2006
         Zot:3 |       0 |   99768 |   0.0 |       0 |      53 |   0.0 |  1258
       Abyss:1 |    5342 |       0 | 100.0 |       2 |       0 | 100.0 |    78
       Abyss:2 |    7496 |    9696 |  43.6 |      15 |       8 |  65.2 |   589
       Abyss:3 |  148546 |   32910 |  81.9 |     292 |      87 |  77.0 |  2716
       Abyss:4 |   31479 |    3749 |  89.4 |      61 |      12 |  83.6 |   525
       Abyss:5 |    7875 |       0 | 100.0 |       5 |       0 | 100.0 |    69
        Bailey |       0 |    2038 |   0.0 |       0 |      16 |   0.0 |   385
               +---------+---------+-------+---------+---------+-------+---------
